 Dungeon Crawl Stone Soup version 0.31-a0-1540-g5a0b83f448 (webtiles) character file.

Game seed: 971975418376299421

2027 jasper the Fighter (level 9, -12/77 HPs)
             Began as a Demonspawn Hexslinger on Jan 1, 2024.
             Was a Believer of Okawaru.
             Mangled by a yak (13 damage)
             ... on level 6 of the Dungeon.
             The game lasted 00:07:06 (5809 turns).

jasper the Fighter (Demonspawn Hexslinger)          Turns: 5809, Time: 00:07:06

Health: -12/77     AC:  7    Str: 12    XL:     9   Next: 3%
Magic:  0/10       EV: 10    Int: 13    God:    Okawaru [**....]
Gold:   99         SH:  6    Dex: 17    Spells: 10/10 levels left

rFire   . . .        a - +4 sling (heavy)
rCold   . . .        f - +2 buckler
rNeg    . . .        d - +0 ring mail
rPois   .            (no helmet)
rElec   .            (no cloak)
rCorr   .            (no gloves)
SInv    .            i - +0 pair of boots
Will    +....        v - amulet of guardian spirit
Stlth   +            t - ring of flight
HPRegen 0.32/turn    B - ring of willpower
MPRegen 0.12/turn

%: guardian spirit
@: flying
A: rugged brown scales 1, spiny 2
a: Renounce Religion, Heroism


You were on level 6 of the Dungeon.
You worshipped Okawaru.
Okawaru was pleased with you.
You visited 2 branches of the dungeon, and saw 8 of its levels.

You collected 405 gold pieces.
You spent 306 gold pieces at shops.

Inventory:

Hand Weapons
 a - a +4 heavy sling (weapon)
 p - the +2 dagger "Qirioduf" {antimagic, Int+5}
   (You found it on level 4 of the Dungeon)

   Int+5:     It affects your intelligence (+5).
 y - a +2 sling of flaming
Missiles
 h - 4 javelins
 u - 4 boomerangs
 E - 6 darts of dispersal
Armour
 c - a +0 robe
 d - a +0 ring mail (worn)
 e - a +0 buckler
 f - a +2 buckler (worn)
 i - a +0 pair of boots (worn)
 x - the +2 chain mail of Hoplung {*Corrode rPois rC+ Will+++}
   (You took it off a kobold on level 3 of the Dungeon)

   rC+:       It protects you from cold.
   rPois:     It protects you from poison Will+++: It greatly increases your
   willpower.
   *Corrode:  It may corrode you when you take damage.
Jewellery
 t - a ring of flight (left hand)
 v - an amulet of guardian spirit (around neck)
 B - a ring of willpower (right hand)
 C - a ring of see invisible
 G - an amulet of magic regeneration
Talismans
 A - a serpent talisman
Wands
 r - a wand of quicksilver (4)
 H - a wand of digging (3)
Scrolls
 b - 4 scrolls of poison
 o - a scroll of blinking
 z - a scroll of fog
 F - a scroll of teleportation
Potions
 g - 3 potions of attraction
 j - a potion of degeneration
 k - 2 potions of might
 l - 3 potions of curing {unknown}
 m - a potion of ambrosia {unknown}
 n - a potion of magic {unknown}
 q - a potion of brilliance {unknown}
 s - 2 potions of mutation {unknown}
 w - 2 potions of lignification {unknown}
 D - a potion of invisibility {unknown}


   Skills:
 + Level 8.4 Fighting
 - Level 1.7 Ranged Weapons
 - Level 1.7 Dodging
 + Level 7.5 Unarmed Combat
 - Level 1.0 Spellcasting
 - Level 3.0 Hexes
 - Level 0.8 Fire Magic


You had 10 spell levels left.
You didn't know any spells.
Your spell library contained the following spells:

 Spells                   Type           Power      Damage    Failure   Level
 Jinxbite                 Hex            16%        N/A       38%         2
 Sigil of Binding         Hex            8%         N/A       63%         3
 Inner Flame              Hex/Fire       5%         N/A       77%         3
 Cause Fear               Hex            4%         N/A       95%         4
 Dimensional Bullseye     Hex/Tloc       2%         N/A       99%         4


Dungeon Overview and Level Annotations

Branches:
Dungeon (7/15)             Temple (1/1) D:4

Altars:
Ashenzari
Cheibriados
Dithmenos
Fedhas
Gozag
Hepliaklqana
Makhleb
Okawaru
Qazlal
Ru
Sif Muna
Trog
Uskayaw
Vehumet
Wu Jian
Xom
Yredelemnul

Shops:
D:6 [*[


Innate Abilities, Weirdness & Mutations

You are partially covered in rugged brown scales. (AC +1, +3% HP)
You are mostly covered in sharp spines.


Message History

You block the yak's attack. The yak is struck by your spines.
The yak gores you. You block the yak's attack.
You now have 9/10 mp.
A black bear comes into view.
The yak is struck by your spines. The yak gores you.
There is a stone staircase leading up here.
You take 3 damage, and have 73/77 hp.
You now have 8/10 mp.
The black bear growls angrily.
The yak gores you but does no damage. You block the yak's attack.
You fly upwards.
There is a stone staircase leading down here.
You shoot a sling bullet. The sling bullet hits the yak.
The yak is moderately wounded.
The yak gores you! The yak barely misses you. You block the yak's attack.
The yak is struck by your spines. The yak gores you but does no damage.
You block the yak's attack. The yak is struck by your spines.
The yak gores you.
You take 14 damage, and have 59/77 hp.
You now have 7/10 mp.
You shoot a sling bullet.
The sling bullet closely misses the yak.
The yak gores you but does no damage. The yak gores you.
The yak is struck by your spines.
The yak gores you! x2; The yak gores you.
The yak barely misses you.
You take 23 damage, and have 36/77 hp.
MASSIVE DAMAGE!!
You now have 4/10 mp.
You shoot a sling bullet. The sling bullet hits the yak.
The yak is severely wounded.
The yak gores you! You block the yak's attack. The yak barely misses you.
You block the yak's attack. The yak gores you.
The yak is struck by your spines. The yak gores you!
* * * LOW HITPOINT WARNING * * *
You take 21 damage, and have 15/77 hp.
MASSIVE DAMAGE!!
You now have 3/10 mp.
You shoot a sling bullet. The sling bullet barely misses the yak.
The yak gores you!
* * * LOW HITPOINT WARNING * * *
The yak gores you but does no damage. The yak is struck by your spines.
The yak gores you.
* * * LOW HITPOINT WARNING * * *
The yak is struck by your spines. The yak barely misses you.
You block the yak's attack. The yak gores you!
You die...

#.##..# #..# #.#.#.#
#.##..# #..# #.#....
#.##..# #..# #.###.#
#.##..####..####.# #.#
#................# #.#
##.##.####...###.###.#
#.##.# #..#.##......
#.##Y# #.###.#.###.#
#.##@#####.#..>......
#.##YY....#.#####..##
#.#######.#.# #..##
#.# #.#.#####..## #.#
#..........#
#.#########.######.#
#..................##
###########.########.
#..........


You could see 3 yaks.

Vanquished Creatures
  Eustachio (D:4)
  2 water moccasins
  Duvessa (D:5)
  An ice beast (D:6)
  2 black bears
  A centaur (D:6)
  2 phantoms
  3 bullfrogs (D:6)
  2 scorpions
  Dowan (D:5)
  3 bombardier beetles (D:4)
  5 hounds
  A gnoll bouda (D:5)
  2 jellies
  10 gnolls
  10 adders
  5 river rats (D:3)
  8 ufetubi
  A dart slug (D:2)
  5 ribbon worms
  4 orcs (D:6)
  4 bats
  8 endoplasms
  15 giant cockroaches
  11 goblins
  3 hobgoblins
  8 jackals
  6 kobolds
  6 quokkas
  4 ball pythons
  3 frilled lizards
  8 rats
146 creatures vanquished.

Notes
Turn   | Place    | Note
-------+----------+-------------------------------------------
     0 | D:1      | jasper the Demonspawn Hexslinger began the quest for the
                  | Orb.
     0 | D:1      | Reached XP level 1. HP: 15/15 MP: 2/2
   186 | D:1      | Reached skill level 1 in Unarmed Combat
   186 | D:1      | Gained mutation: You are partially covered in sharp spines.
                  | [demonic ancestry]
   186 | D:1      | Reached XP level 2. HP: 21/21 MP: 3/3
   369 | D:1      | Reached skill level 2 in Fighting
   814 | D:2      | Reached XP level 3. HP: 27/27 MP: 4/4
  1332 | D:2      | Found a faded altar of an unknown god.
  1548 | D:3      | Found a shadowy altar of Dithmenos.
  1575 | D:3      | Gained mutation: You are mostly covered in sharp spines.
                  | [demonic ancestry]
  1575 | D:3      | Reached XP level 4. HP: 34/34 MP: 5/5
  1584 | D:3      | Reached skill level 3 in Fighting
  2113 | D:3      | Identified the +2 chain mail of Hoplung {*Corrode rPois rC+
                  | Will+++}
  2290 | D:3      | Reached XP level 5. HP: 37/41 MP: 4/6
  2625 | D:4      | Noticed a phantom
  2629 | D:4      | Killed a phantom
  2630 | D:4      | Reached skill level 4 in Fighting
  2630 | D:4      | Reached XP level 6. HP: 48/49 MP: 7/7
  2886 | D:4      | Found a staircase to the Ecumenical Temple.
  2894 | Temple   | Entered the Ecumenical Temple
  2908 | Temple   | Became a worshipper of Warmaster Okawaru
  3092 | D:4      | Identified the +2 dagger "Qirioduf" {antimagic, Int+5}
  3299 | D:4      | Reached skill level 5 in Fighting
  3402 | D:4      | Noticed Eustachio
  3420 | D:4      | Reached XP level 7. HP: 36/56 MP: 8/8
  3425 | D:4      | Killed Eustachio
  3550 | D:4      | Reached skill level 5 in Unarmed Combat
  3587 | D:5      | Entered Level 5 of the Dungeon
  3651 | D:5      | Reached * piety under Okawaru
  3652 | D:5      | Reached skill level 6 in Fighting
  4129 | D:5      | Noticed Dowan
  4130 | D:5      | Noticed Duvessa
  4140 | D:5      | Killed Duvessa
  4141 | D:5      | Reached XP level 8. HP: 41/65 MP: 5/9
  4142 | D:5      | Killed Dowan
  4551 | D:5      | Reached skill level 7 in Fighting
  5042 | D:6      | Reached ** piety under Okawaru
  5107 | D:6      | Found Velec's Assorted Antiques.
  5115 | D:6      | Bought a dented malachite amulet for 155 gold pieces
  5115 | D:6      | Bought a smoky emerald potion for 27 gold pieces
  5115 | D:6      | Bought a runed lead wand for 124 gold pieces
  5367 | D:6      | Found Binasaet's Antique Armour Shoppe.
  5396 | D:6      | Reached skill level 8 in Fighting
  5536 | D:6      | Gained mutation: You are partially covered in rugged brown
                  | scales. (AC +1, +3% HP) [demonic ancestry]
  5536 | D:6      | Reached XP level 9. HP: 62/77 MP: 7/10
  5714 | D:6      | Found Dialilo's Armour Emporium.
  5809 | D:6      | HP: 1/77 [yak (3)]
  5809 | D:6      | Mangled by a yak

Illustrated notes

Levels and vault maps discovered:
D:1:      matt_arrival_spirals, layout_basic
D:2:      minmay_roachtagon, layout_loops_ring,
          dreamdust_ecumenical_altar_grove, basic_altar
D:3:      layout_basic, nicolae_dithmenos_shadow_blocks,
          lightli_sewer_entry_pipes, minmay_pentangle
D:4:      layout_basic, minmay_temple_entry_large_hall, uniq_eustachio
D:5:      layout_layer_cave, uniq_duvessa
D:6:      layout_loops_ring, serial_shops, nicolae_shop_advertising_works
          [nicolae_subvault_shop_adworks], shop, nicolae_shop_back_alley_shop
D:7:      layout_cave_pools, serial_shops, shop
Temple:   nicolae_temple_bog_church

Skill      XL: |  1  2  3  4  5  6  7  8 |
---------------+-------------------------+-----
Unarmed Combat | 1 2 3 4 5 7 |  7.5
Fighting       | 2 3 4 5 6 8 |  8.4
Ranged Weapons | |  1.7
Dodging        | |  1.7
Spellcasting   | |  1.0
Hexes          | |  3.0
Fire Magic     | |  0.8

Action                     |  1- 3 |  4- 6 |  7- 9 || total
---------------------------+-------+-------+-------++-------
   Fire: Sling             |   119 |   146 |   106 ||   371
    Use: Scroll            |     2 |     7 |     4 ||    13
 Armour: Robe              |     3 |       |       ||     3
         Ring mail         |    36 |    50 |    71 ||   157
  Dodge: Dodged            |    34 |    40 |    42 ||   116
  Block: Buckler           |    20 |    25 |    39 ||    84

Table legend: (Time is in decaauts)
 A = Elapsed time spent in this place.
 B = Non-inter-level travel time spent in this place.
 C = Inter-level travel time spent in this place.
 D = Time resting spent in this place.
 E = Time spent auto-exploring this place.
 F = Levels seen in this place.
 G = Mean time per level.
                   A        B        C        D        E       F      G
               +--------+--------+--------+--------+--------+-----+--------+
         Total |   6147 |   5811 |    336 |      4 |   4746 |   8 |  768.4 |
       Dungeon |   6118 |   5808 |    310 |      4 |   4746 |   7 |  874.0 |
        Temple |     28 |      2 |     26 |      0 |      0 |   1 |   28.0 |
               +--------+--------+--------+--------+--------+-----+--------+

Top non-repeatable levels by time:
     D:5: 1281 daAuts
     D:4: 1207 daAuts
     D:6: 1046 daAuts
     D:3: 1008 daAuts
     D:2: 802 daAuts
     D:1: 766 daAuts
  Temple: 28 daAuts
     D:7: 6 daAuts
